 Dungeon Crawl Stone Soup version 0.21-a0-531-gacddea6 (console) character file.

1635 Fusha the Magician (level 9, -4/57 HPs)
             Began as a Human Wanderer on Dec 13, 2017.
             Splashed by a centaur's acid (12 damage)
             ... on level 6 of the Dungeon.
             The game lasted 00:36:15 (6938 turns).

Fusha the Magician (Human Wanderer)                 Turns: 6938, Time: 00:36:18

Health: -4/57      AC:  2    Str: 15    XL:     9   Next: 18%
Magic:  7/18       EV: 11    Int: 16    God:
Gold:   190        SH:  0    Dex: 10    Spells: 3/20 levels left

rFire    + . .     SeeInvis .   v - +0 long sword
rCold    . . .     Gourm    .   (no shield)
rNeg     . . .     Faith    .   e - +0 robe
rPois    .         Spirit   .   m - +0 helmet
rElec    .         Reflect  .   h - +0 cloak
rCorr    .         Harm     .   n - +0 pair of gloves (curse)
MR       +....                  o - +0 pair of boots
Stlth    +.........             (no amulet)
HPRegen  0.19/turn              j - ring of protection from magic
MPRegen  0.16/turn              x - ring of protection from fire

@: corroded
A: no striking features
a: no special abilities


You were on level 6 of the Dungeon.
You were not hungry.

You visited 1 branch of the dungeon, and saw 6 of its levels.

You collected 190 gold pieces.

Inventory:

Hand Weapons
 v - a +0 long sword (weapon)
Armour
 e - a +0 robe (worn)
 h - a +0 cloak (worn)
 m - a +0 helmet (worn)
 n - a cursed +0 pair of gloves (worn)
 o - a +0 pair of boots (worn)
Jewellery
 j - a ring of protection from magic (left hand)
 x - a ring of protection from fire (right hand)
Wands
 g - a wand of flame (4)
 k - a wand of digging (4)
 q - a wand of iceblast (10)
Scrolls
 a - a scroll of enchant armour {unknown}
 p - 2 scrolls of magic mapping
 r - a scroll of teleportation
 t - a scroll of blinking {unknown}
Potions
 d - a potion of brilliance
 i - a potion of magic
 s - a potion of agility {unknown}
 u - a potion of curing
 z - a potion of flight {unknown}
Books
 b - the Disquisition on the Compass

   Spells                             Type                      Level
   a - Shroud of Golubria             Charms/Translocation         2
   b - Blink                          Translocation                2
 c - a Young Poisoner's Handbook

   Spells                             Type                      Level
   a - Sting                          Conjuration/Poison           1
   b - Poisonous Vapours              Poison/Air                   2
   c - Mephitic Cloud                 Conjuration/Poison/Air       3
   d - Olgreb's Toxic Radiance        Poison                       4
   e - Venom Bolt                     Conjuration/Poison           5
Comestibles
 f - 2 royal jellies
 l - 4 fruits
 w - 2 bread rations


   Skills:
   Level 4.1(4.7) Short Blades
 + Level 3.4(4.3) Long Blades
 - Level 1.0 Throwing
 - Level 6.0 Spellcasting
 * Level 3.5 Conjurations
   Level 1.0 Hexes
   Level 1.0 Ice Magic
 + Level 3.2 Air Magic
 - Level 5.5 Poison Magic
 - Level 1.0 Evocations


You had 3 spell levels left.
You knew the following spells:

 Your Spells              Type           Power        Failure   Level  Hunger
a - Sting                 Conj/Pois      ###.         1%          1    None
b - Poisonous Vapours     Pois/Air       ###...       3%          2    #......
c - Mephitic Cloud        Conj/Pois/Air  ###.....     8%          3    ##.....
d - Blink                 Tloc           N/A          21%         2    #......
e - Venom Bolt            Conj/Pois      ###.......   50%         5    ######.
f - Olgreb's Toxic Radia  Pois           ###.....     14%         4    ####...


Dungeon Overview and Level Annotations

Branches:
Dungeon (6/15)
 Temple: D:4-7

Altars:
Trog


Message History

You barely miss the centaur.
The centaur is moderately wounded.
The centaur zaps a wand.
The bolt of acid hits you! The acid corrodes you!
You are splashed with acid!
The acid burns!
It is a wand of acid (3).
The centaur hits you.
Casting: Poisonous Vapours
Confirm with . or Enter, or press ? or * to list all spells.
Aiming: Poisonous Vapours
Press: ? - help, Dir - move target cursor, f/p - centaur
Aim: a centaur, carrying a wand of acid (3) (moderately wounded, poisoned) Poisonous vapours surround the centaur!
The centaur is engulfed in poison gas.
The centaur looks as sick as possible!
The centaur barely misses you.
You hit the centaur.
The centaur is severely wounded.
The centaur closely misses you.
You riposte.
You barely miss the centaur.
The centaur is severely wounded.
The centaur zaps a wand.
The bolt of acid hits you!
* * * LOW HITPOINT WARNING * * *
You are splashed with acid!
The acid burns!
You die...

##.#....###.......#
#####.#.# #
................##
#.#.# # . .
.........## #...# .
#.....#...## #####
# #.###.#....## .
#.....#.....# #
#.....#...# #
#.###.#....# #.
#.oc@.#.....# ..
#.†$..#.....#...#
.. #[###
#%###.#.... .. #..
# .. . ... . ##.#
.# ..


You could see a centaur and an orc.

Vanquished Creatures
  Grinder (D:5)
  Sigmund (D:4)
  3 sky beasts
  An ice beast (D:6)
  2 ogres (D:4)
  2 scorpions (D:6)
  3 crimson imps
  A howler monkey (D:4)
  A hound (D:5)
  A bullfrog skeleton (D:6)
  An orc wizard (D:3)
  Natasha (D:2)
  6 worker ants
  A killer bee zombie (D:5)
  A worker ant zombie (D:4)
  7 gnolls
  4 adders
  3 shadow imps
  2 oozes
  2 worms
  4 dart slugs
  5 leopard geckos
  6 orcs
  3 ball pythons
  5 giant cockroaches
  8 goblins
  7 hobgoblins
  10 jackals
  6 kobolds
  A quokka (D:6)
  4 bats
  4 frilled lizards
  A leopard gecko zombie (D:5)
  12 rats
120 creatures vanquished.

Notes
Turn   | Place    | Note
-------+----------+-------------------------------------------
     0 | D:1      | Fusha the Human Wanderer began the quest for the Orb.
     0 | D:1      | Fusha set off with: a Young Poisoner's Handbook, the Disquisition on the Compass, 9 poisoned needles, a +0 blowgun, a +0 robe, a bread ration
     0 | D:1      | Reached XP level 1. HP: 13/13 MP: 3/3
     0 | D:1      | Identified the Disquisition on the Compass
     2 | D:1      | Learned a level 1 spell: Sting
   426 | D:1      | You fall through a shaft!
   429 | D:2      | Reached XP level 2. HP: 19/19 MP: 0/5
   644 | D:1      | Reached skill level 1 in Short Blades
   673 | D:1      | Reached XP level 3. HP: 18/24 MP: 7/7
   684 | D:1      | Learned a level 2 spell: Poisonous Vapours
   688 | D:1      | Learned a level 3 spell: Mephitic Cloud
   908 | D:1      | Reached skill level 3 in Spellcasting
  1329 | D:2      | Reached XP level 4. HP: 29/30 MP: 8/8
  1330 | D:2      | Noticed Natasha
  2223 | D:2      | Killed Natasha
  2223 | D:2      | Reached XP level 5. HP: 35/35 MP: 5/10
  2511 | D:3      | Learned a level 2 spell: Blink
  3229 | D:3      | Reached skill level 4 in Spellcasting
  3600 | D:4      | Noticed an ogre
  3612 | D:4      | Killed an ogre
  3612 | D:4      | Reached XP level 6. HP: 38/41 MP: 1/12
  3738 | D:4      | Noticed Grinder
  3741 | D:4      | Paralysed by Grinder for 6 turns
  3777 | D:3      | Learned a level 2 spell: Poisonous Vapours
  4098 | D:4      | Noticed a moth of wrath
  4100 | D:4      | Found a bloodstained altar of Trog.
  4479 | D:4      | Reached XP level 7. HP: 31/46 MP: 14/14
  4514 | D:4      | Reached skill level 5 in Spellcasting
  4755 | D:4      | Noticed Sigmund
  4821 | D:4      | Killed Sigmund
  5232 | D:5      | Entered Level 5 of the Dungeon
  5255 | D:5      | Reached XP level 8. HP: 34/52 MP: 16/16
  5365 | D:5      | Reached skill level 1 in Long Blades
  5543 | D:5      | Paralysed by Grinder for 3 turns
  5559 | D:5      | Killed Grinder
  5559 | D:5      | Reached skill level 5 in Poison Magic
  5571 | D:5      | Learned a level 5 spell: Venom Bolt
  5576 | D:5      | Learned a level 4 spell: Olgreb's Toxic Radiance
  6173 | D:6      | Reached skill level 1 in Conjurations
  6189 | D:6      | Reached skill level 6 in Spellcasting
  6522 | D:6      | Reached XP level 9. HP: 25/57 MP: 18/18
  6938 | D:6      | Splashed by a centaur's acid

Vault maps used:
D:1:      doesnt_arrival_eight_statues
D:2:      uniq_natasha
D:4:      tgw_trog, uniq_sigmund, uniq_grinder
D:5:      first_bread, minmay_crossroads
D:6:      hangedman_cross_stitches

Skill      XL: |  1  2  3  4  5  6  7  8  9 |
---------------+----------------------------+-----
Short Blades   | 1 2 3 4 |  4.1
Spellcasting   | 3 4 5 6 |  6.0
Poison Magic   | 3 4 5 |  5.5
Long Blades    | 2 3 |  3.4
Conjurations   | 2 3 |  3.5
Air Magic      | 3 |  3.2
Throwing       | |  1.0
Hexes          | |  1.0
Ice Magic      | |  1.0
Evocations     | |  1.0

Action                   |  1- 3 |  4- 6 |  7- 9 || total
-------------------------+-------+-------+-------++-------
Melee: Dagger            |    70 |   249 |    19 ||   338
       Long sword        |       |       |   149 ||   149
 Fire: Blowgun           |    13 |       |       ||    13
 Cast: Sting             |    15 |    61 |    15 ||    91
       Poisonous Vapours |       |    14 |    36 ||    50
       Mephitic Cloud    |       |     6 |     3 ||     9
       Blink             |       |     3 |       ||     3
Evoke: Wand              |       |       |    23 ||    23
  Use: Potion            |       |     4 |     1 ||     5
       Scroll            |       |     3 |     1 ||     4
  Eat: Bread ration      |     1 |     1 |       ||     2
       Chunk             |     1 |     3 |       ||     4
       Meat ration       |       |     1 |     1 ||     2
       Fruit             |       |       |     4 ||     4
Armor: Robe              |    14 |    55 |    67 ||   136
Dodge: Dodged            |    53 |   104 |   107 ||   264
       Rpst.: Long sword |       |       |    25 ||    25

Table legend:
 A = Spawn XP
 B = Non-spawn XP
 C = Spawn XP percentage of total XP
 D = Spawn monster count
 E = Non-spawn monster count
 F = Spawn count percentage of total count
 G = Total turns spent on level
                    A         B        C        D         E        F      G
               +---------+---------+-------+---------+---------+-------+---------
         Total |       0 |    2337 |   0.0 |       0 |     120 |   0.0 |  6938
               +---------+---------+-------+---------+---------+-------+---------
           D:1 |       0 |      50 |   0.0 |       0 |      23 |   0.0 |  1034
           D:2 |       0 |     118 |   0.0 |       0 |      19 |   0.0 |  1679
           D:3 |       0 |      99 |   0.0 |       0 |      27 |   0.0 |  1050
           D:4 |       0 |     693 |   0.0 |       0 |      18 |   0.0 |  1469
           D:5 |       0 |     612 |   0.0 |       0 |      12 |   0.0 |   912
           D:6 |       0 |     765 |   0.0 |       0 |      21 |   0.0 |   794
               +---------+---------+-------+---------+---------+-------+---------
